NWL (28 & UNDER)
RED DEER WRANGLERS @ BISMARCK BARONS
04/15/2028
 
TOP OF THE 1ST
Red Deer Wranglers batting - Pitching for Bismarck Barons : RHP César Sánchez
Pitching: RHP César Sánchez
Batting: RHB Xavier López 0-0: SINGLE (Groundball, 4M) (infield hit)
Batting: LHB Jorge Olvera 0-0: Ball
Xavier López is caught stealing 2nd base
1-0: Foul Ball, location: 2F
1-1: Swinging Strike
1-2: Strikes out swinging
Batting: LHB Fred Abrams 0-0: Foul Ball, location: 2F
0-1: Foul Ball, location: 2F
0-2: Foul Ball, location: 2F
0-2: Strikes out swinging
Top of the 1st over - 0 run(s), 1 hit(s), 0 error(s), 0 left on base; Red Deer 0 - Bismarck 0
BOTTOM OF THE 1ST
Bismarck Barons batting - Pitching for Red Deer Wranglers : RHP José Ramos
Pitching: RHP José Ramos
Batting: SHB Álex Hernández 0-0: Ball
1-0: Swinging Strike
1-1: Foul Ball, location: 2F
1-2: Ball
2-2: Foul Ball, location: 2F
2-2: Strikes out swinging
Batting: LHB José Martínez 0-0: Ball
1-0: Called Strike
1-1: Ball
2-1: Ball
3-1: Base on Balls
Batting: SHB Manuel Hegnauer 0-0: Ball
1-0: Ball
2-0: Ball
3-0: Base on Balls
José Martínez to second
Batting: SHB Jeff Chambers 0-0: Ball
1-0: Foul Ball, location: 2F
1-1: Ball
2-1: Foul Ball, location: 2F
2-2: Foul Ball, location: 2F
2-2: Foul Ball, location: 2F
2-2: Ball
3-2: SINGLE (Line Drive, 6D)
José Martínez to third
Manuel Hegnauer to second
Batting: LHB Johnny Foley 0-0: Swinging Strike
0-1: SINGLE (Groundball, 34) (infield hit)
José Martínez scores
Manuel Hegnauer to third
Jeff Chambers to second
Batting: LHB Ralph Jackson 0-0: Called Strike
0-1: Ball
1-1: Ball
2-1: Ball
3-1: Base on Balls
Manuel Hegnauer scores
Jeff Chambers to third
Johnny Foley to second
Batting: RHB Jon Krohne 0-0: Swinging Strike
0-1: DOUBLE (Flyball, 78XD)
Jeff Chambers scores
Johnny Foley scores
Ralph Jackson to third
Runner from 3rd tries for Home, SAFE, no throw
Batting: RHB Felipe Domínguez 0-0: Ball
1-0: Ball
2-0: Called Strike
2-1: Called Strike
2-2: Ball
3-2: Base on Balls
Batting: RHB Pancho Torres 0-0: Fly out, F8 (Flyball, 8RS)
Batting: SHB Álex Hernández 0-0: Fly out, F1 (Line Drive, 15)
Bottom of the 1st over - 5 run(s), 3 hit(s), 0 error(s), 2 left on base; Red Deer 0 - Bismarck 5
TOP OF THE 2ND
Red Deer Wranglers batting - Pitching for Bismarck Barons : RHP César Sánchez
Batting: RHB Luis Ibarra 0-0: Foul Ball, location: 2F
0-1: Fly out, F4 (Popup, 4MD)
Batting: LHB Alejandro Rojas 0-0: Foul Ball, location: 2F
0-1: SINGLE (Groundball, 6MD)
Batting: RHB Allen Brown 0-0: Swinging Strike
0-1: Called Strike
0-2: Strikes out swinging
Batting: SHB Robbie Rhodes 0-0: Swinging Strike
0-1: Ball
1-1: Ball
2-1: Fly out, F8 (Flyball, 8LM)
Top of the 2nd over - 0 run(s), 1 hit(s), 0 error(s), 1 left on base; Red Deer 0 - Bismarck 5
BOTTOM OF THE 2ND
Bismarck Barons batting - Pitching for Red Deer Wranglers : RHP José Ramos
Batting: LHB José Martínez 0-0: Ball
1-0: Foul Ball, location: 2F
1-1: Ball
2-1: Swinging Strike
2-2: Ball
3-2: Fly out, F3 (Line Drive, 3)
Batting: SHB Manuel Hegnauer 0-0: Foul Ball, location: 2F
0-1: Fly out, F3 (Line Drive, 3D)
Batting: SHB Jeff Chambers 0-0: Called Strike
0-1: Foul Ball, location: 2F
0-2: Fly out, F7 (Flyball, 7LS)
Bottom of the 2nd over - 0 run(s), 0 hit(s), 0 error(s), 0 left on base; Red Deer 0 - Bismarck 5
TOP OF THE 3RD
Red Deer Wranglers batting - Pitching for Bismarck Barons : RHP César Sánchez
Batting: LHB Héctor Santos 0-0: Called Strike
0-1: Ball
1-1: Ball
2-1: DOUBLE (Groundball, 3L)
Batting: RHB Steve Burton 0-0: Called Strike
0-1: Ball
1-1: Called Strike
1-2: Strikes out swinging
Batting: RHB Xavier López 0-0: Ground out 5-3 (Groundball, 56S)
Héctor Santos to third
Batting: LHB Jorge Olvera 0-0: Ball
1-0: Ball
2-0: SINGLE (Line Drive, 34)
Héctor Santos scores
Batting: LHB Fred Abrams 0-0: Ball
1-0: Swinging Strike
1-1: Ball
2-1: 2-RUN HOME RUN (Flyball, 9D), Distance : 345 ft
Batting: RHB Luis Ibarra 0-0: Called Strike
0-1: Called Strike
0-2: Ball
1-2: Fly out, F4 (Popup, 4D)
Top of the 3rd over - 3 run(s), 3 hit(s), 0 error(s), 0 left on base; Red Deer 3 - Bismarck 5
BOTTOM OF THE 3RD
Bismarck Barons batting - Pitching for Red Deer Wranglers : RHP José Ramos
Batting: LHB Johnny Foley 0-0: Ball
1-0: Ball
2-0: Ball
3-0: Called Strike
3-1: Swinging Strike
3-2: Strikes out swinging
Batting: LHB Ralph Jackson 0-0: Fly out, F8 (Flyball, 78S)
Batting: RHB Jon Krohne 0-0: Called Strike
0-1: Called Strike
0-2: Ball
1-2: Strikes out swinging
Bottom of the 3rd over - 0 run(s), 0 hit(s), 0 error(s), 0 left on base; Red Deer 3 - Bismarck 5
TOP OF THE 4TH
Red Deer Wranglers batting - Pitching for Bismarck Barons : RHP César Sánchez
Batting: LHB Alejandro Rojas 0-0: SINGLE (Line Drive, 34)
Batting: RHB Allen Brown 0-0: Ball
1-0: Ball
2-0: Reached on error, E4 (Groundball, 4)
Alejandro Rojas to second
Batting: SHB Robbie Rhodes 0-0: Ball
1-0: Ball
Alejandro Rojas steals 3rd base
Allen Brown to second
2-0: Swinging Strike
2-1: Ball
3-1: Base on Balls
Batting: LHB Héctor Santos 0-0: Ball
1-0: Swinging Strike
1-1: Ball
2-1: Fly out, F8 (Flyball, 78M)
Runner from 3rd tags up, SCORES, no throw
Batting: RHB Steve Burton 0-0: Ball
1-0: SINGLE (Line Drive, 78M)
Allen Brown to third
Robbie Rhodes to second
Batting: RHB Xavier López 0-0: Foul Ball, location: 2F
0-1: Fly out, F8 (Flyball, 8LM)
Runner from 3rd tags up, SCORES, throw made
Batting: LHB Jorge Olvera 0-0: Called Strike
0-1: Ball
1-1: Ball
2-1: Ball
3-1: Swinging Strike
3-2: Foul Ball, location: 2F
3-2: Foul Ball, location: 2F
3-2: Base on Balls
Robbie Rhodes to third
Steve Burton to second
Batting: LHB Fred Abrams 0-0: GRAND SLAM HOME RUN (Flyball, 9LD), Distance : 323 ft
Pitching: RHP Jesús Díaz
Batting: RHB Luis Ibarra 0-0: Called Strike
0-1: Called Strike
0-2: Ball
1-2: Ball
2-2: Ball
3-2: Strikes out looking
Top of the 4th over - 6 run(s), 3 hit(s), 1 error(s), 0 left on base; Red Deer 9 - Bismarck 5
BOTTOM OF THE 4TH
Bismarck Barons batting - Pitching for Red Deer Wranglers : RHP José Ramos
Batting: RHB Felipe Domínguez 0-0: Called Strike
0-1: Ball
1-1: Ball
2-1: Ground out 6-3 (Groundball, 6)
Batting: RHB Pancho Torres 0-0: Ball
1-0: Ground out 4-3 (Groundball, 4M)
Batting: SHB Álex Hernández 0-0: Ball
1-0: Called Strike
1-1: Swinging Strike
1-2: Ball
2-2: Strikes out looking
Bottom of the 4th over - 0 run(s), 0 hit(s), 0 error(s), 0 left on base; Red Deer 9 - Bismarck 5
TOP OF THE 5TH
Red Deer Wranglers batting - Pitching for Bismarck Barons : RHP Jesús Díaz
Batting: LHB Alejandro Rojas 0-0: Ground out 5-3 (Groundball, 56S)
Batting: RHB Allen Brown 0-0: Foul Ball, location: 2F
0-1: Swinging Strike
0-2: Ball
1-2: Strikes out swinging
Batting: SHB Robbie Rhodes 0-0: Swinging Strike
0-1: Ball
1-1: Called Strike
1-2: Ball
2-2: Foul Ball, location: 2F
2-2: Strikes out swinging
Top of the 5th over - 0 run(s), 0 hit(s), 0 error(s), 0 left on base; Red Deer 9 - Bismarck 5
BOTTOM OF THE 5TH
Bismarck Barons batting - Pitching for Red Deer Wranglers : RHP José Ramos
Batting: LHB José Martínez 0-0: Ball
1-0: Ball
2-0: Ball
3-0: Called Strike
3-1: Called Strike
3-2: Base on Balls
Batting: SHB Manuel Hegnauer 0-0: Ball
1-0: Swinging Strike
1-1: Ball
2-1: 2-RUN HOME RUN (Flyball, 9D), Distance : 347 ft
Pitching: RHP Simón Amejorado
Batting: SHB Jeff Chambers 0-0: Ball
1-0: Ball
2-0: Ball
3-0: Base on Balls
Batting: LHB Johnny Foley 0-0: Ball
1-0: Ball
2-0: Foul Ball, location: 2F
2-1: Called Strike
2-2: SINGLE (Groundball, 34S) (infield hit)
Jeff Chambers to second
Batting: LHB Ralph Jackson 0-0: Ball
1-0: Fly out, F7 (Flyball, 7LS)
Batting: RHB Jon Krohne 0-0: Foul Ball, location: 2F
0-1: Called Strike
0-2: Ball
1-2: Strikes out swinging
Batting: RHB Felipe Domínguez 0-0: Swinging Strike
0-1: Ball
1-1: Foul Ball, location: 2F
1-2: Ball
2-2: Ball
3-2: Strikes out looking
Bottom of the 5th over - 2 run(s), 2 hit(s), 0 error(s), 2 left on base; Red Deer 9 - Bismarck 7
TOP OF THE 6TH
Red Deer Wranglers batting - Pitching for Bismarck Barons : RHP Jesús Díaz
Batting: LHB Héctor Santos 0-0: Ball
1-0: Ground out 6-3 (Groundball, 6)
Batting: RHB Steve Burton 0-0: Ball
1-0: Fly out, F7 (Flyball, 7D)
Batting: RHB Xavier López 0-0: Ball
1-0: Ground out 6-3 (Groundball, 6)
Top of the 6th over - 0 run(s), 0 hit(s), 0 error(s), 0 left on base; Red Deer 9 - Bismarck 7
BOTTOM OF THE 6TH
Bismarck Barons batting - Pitching for Red Deer Wranglers : RHP Simón Amejorado
Batting: RHB Pancho Torres 0-0: Ball
1-0: Called Strike
1-1: Ball
2-1: SOLO HOME RUN (Line Drive, 89XD), Distance : 386 ft
Batting: SHB Álex Hernández 0-0: Ball
1-0: SINGLE (Groundball, 34S) (infield hit)
Batting: LHB José Martínez 0-0: Called Strike
0-1: Called Strike
0-2: Strikes out looking
Batting: SHB Manuel Hegnauer 0-0: Ball
Álex Hernández is caught stealing 2nd base
1-0: Ground out 6-3 (Groundball, 6)
Bottom of the 6th over - 1 run(s), 2 hit(s), 0 error(s), 0 left on base; Red Deer 9 - Bismarck 8
TOP OF THE 7TH
Red Deer Wranglers batting - Pitching for Bismarck Barons : RHP Jesús Díaz
Batting: LHB Jorge Olvera 0-0: Ball
1-0: SINGLE (Line Drive, 4MD)
Batting: LHB Fred Abrams 0-0: Ball
1-0: Ball
2-0: Ball
3-0: Called Strike
3-1: Base on Balls
Jorge Olvera to second
Batting: RHB Luis Ibarra 0-0: Ball
Wild Pitch!
Jorge Olvera to third
Fred Abrams to second
1-0: Ball
2-0: DOUBLE (Line Drive, 89XD)
Jorge Olvera scores
Fred Abrams scores
Batting: LHB Alejandro Rojas 0-0: Intentional Walk
Batting: RHB Allen Brown 0-0: Ball
1-0: Bunted foul
1-1: Sac Bunt - play at first, batter OUT! 1-4
Luis Ibarra to third
Alejandro Rojas to second
Batting: SHB Robbie Rhodes 0-0: Ball
1-0: Foul Ball, location: 2F
1-1: Ball
2-1: SINGLE (Groundball, 4MD)
Luis Ibarra scores
Alejandro Rojas to third
Pitching: RHP Armando Torres
Batting: LHB Héctor Santos 0-0: Ball
1-0: Called Strike
1-1: DOUBLE (Line Drive, 8LD)
Alejandro Rojas scores
Robbie Rhodes to third
Batting: RHB Steve Burton 0-0: Called Strike
0-1: Foul Ball, location: 2F
0-2: Strikes out swinging
Batting: RHB Xavier López 0-0: Ball
1-0: Ball
2-0: SINGLE (Groundball, 6MD)
Robbie Rhodes scores
Héctor Santos to third
Runner from 3rd tries for Home, SAFE, no throw
Batting: LHB Jorge Olvera 0-0: Ball
1-0: Ball
2-0: Called Strike
2-1: Foul Ball, location: 2F
2-2: DOUBLE (Line Drive, 9LM)
Xavier López to third
Batting: LHB Fred Abrams 0-0: Called Strike
0-1: Ball
1-1: Ball
2-1: Called Strike
2-2: Foul Ball, location: 2F
2-2: Ball
3-2: Base on Balls
Batting: RHB Luis Ibarra 0-0: Ball
1-0: Called Strike
1-1: Foul Ball, location: 2F
1-2: Fielders Choice at 2nd, 4-6 (Groundball, 4)
Top of the 7th over - 6 run(s), 6 hit(s), 0 error(s), 2 left on base; Red Deer 15 - Bismarck 8
BOTTOM OF THE 7TH
Bismarck Barons batting - Pitching for Red Deer Wranglers : RHP Simón Amejorado
Batting: SHB Jeff Chambers 0-0: Called Strike
0-1: Ball
1-1: Ball
2-1: Foul Ball, location: 2F
2-2: Foul Ball, location: 2F
2-2: Ball
3-2: SINGLE (Line Drive, 34)
Batting: LHB Johnny Foley 0-0: Called Strike
0-1: Ball
1-1: Fly out, F9 (Line Drive, 9)
Batting: LHB Ralph Jackson 0-0: Called Strike
0-1: Fly out, F4 (Line Drive, 4M)
Batting: RHB Jon Krohne 0-0: Ball
Jeff Chambers is caught stealing 2nd base
Bottom of the 7th over - 0 run(s), 1 hit(s), 0 error(s), 0 left on base; Red Deer 15 - Bismarck 8
TOP OF THE 8TH
Red Deer Wranglers batting - Pitching for Bismarck Barons : RHP Armando Torres
Batting: LHB Alejandro Rojas 0-0: Ball
1-0: Ball
2-0: Called Strike
2-1: Swinging Strike
2-2: Ball
3-2: Foul Ball, location: 2F
3-2: Strikes out looking
Batting: RHB Allen Brown 0-0: Called Strike
0-1: Called Strike
0-2: Foul Ball, location: 2F
0-2: Strikes out swinging
Batting: SHB Robbie Rhodes 0-0: Called Strike
0-1: Foul Ball, location: 2F
0-2: SINGLE (Groundball, 6MS) (infield hit)
Batting: LHB Héctor Santos 0-0: SINGLE (Line Drive, 8RS)
Robbie Rhodes to second
Batting: RHB Steve Burton 0-0: Fly out, F9 (Flyball, 9S)
Top of the 8th over - 0 run(s), 2 hit(s), 0 error(s), 2 left on base; Red Deer 15 - Bismarck 8
BOTTOM OF THE 8TH
Bismarck Barons batting - Pitching for Red Deer Wranglers : RHP Simón Amejorado
Batting: RHB Jon Krohne 0-0: Called Strike
0-1: Foul Ball, location: 2F
0-2: Foul Ball, location: 2F
0-2: SINGLE (Line Drive, 7LS)
Batting: RHB Felipe Domínguez 0-0: Called Strike
0-1: Ball
1-1: Ball
2-1: Grounds into double play, 6-4-3 (Groundball, 6)
Batting: RHB Pancho Torres 0-0: Ball
1-0: Ball
2-0: Ball
3-0: Base on Balls
Batting: SHB Álex Hernández 0-0: Ball
1-0: Ground out 3-1 (Groundball, 34)
Bottom of the 8th over - 0 run(s), 1 hit(s), 0 error(s), 1 left on base; Red Deer 15 - Bismarck 8
TOP OF THE 9TH
Red Deer Wranglers batting - Pitching for Bismarck Barons : RHP Armando Torres
Pitching: RHP Neil Birss
Batting: RHB Xavier López 0-0: Called Strike
0-1: Swinging Strike
0-2: Ball
1-2: Ball
2-2: Strikes out swinging
Batting: LHB Jorge Olvera 0-0: Ball
1-0: Called Strike
1-1: Ball
2-1: Foul Ball, location: 2F
2-2: Foul Ball, location: 2F
2-2: Ball
3-2: Foul Ball, location: 2F
3-2: SINGLE (Flyball, 8LS)
Batting: LHB Fred Abrams 0-0: Ball
1-0: Ball
2-0: Ball
3-0: Called Strike
3-1: Called Strike
3-2: Base on Balls
Jorge Olvera to second
Batting: RHB Luis Ibarra 0-0: Ball
1-0: Foul Ball, location: 2F
1-1: Foul Ball, location: 2F
1-2: Foul Ball, location: 2F
1-2: Ball
2-2: Ball
3-2: Fielders Choice at 2nd, 6-4 (Groundball, 6)
Jorge Olvera to third
Pinch Hitting: LHB Andrew Veeck 0-0: Called Strike
0-1: Ball
1-1: SINGLE (Groundball, 34D)
Jorge Olvera scores
Luis Ibarra to second
Runner from 2nd tries for 3rd, SAFE, no throw
Batting: RHB Allen Brown 0-0: Swinging Strike
0-1: Fly out, F8 (Flyball, 78M)
Top of the 9th over - 1 run(s), 2 hit(s), 0 error(s), 2 left on base; Red Deer 16 - Bismarck 8
BOTTOM OF THE 9TH
Bismarck Barons batting - Pitching for Red Deer Wranglers : RHP Simón Amejorado
Pitching: RHP Michael Walton
Now in LF: Andrew Veeck
Batting: LHB José Martínez 0-0: Swinging Strike
0-1: Foul Ball, location: 2F
0-2: Ball
1-2: Strikes out swinging
Batting: SHB Manuel Hegnauer 0-0: Called Strike
0-1: Foul Ball, location: 2F
0-2: Ball
1-2: Ball
2-2: SINGLE (Line Drive, 56D)
Batting: SHB Jeff Chambers 0-0: Ball
1-0: Fly out, F7 (Flyball, 7LSF)
Batting: LHB Johnny Foley 0-0: Swinging Strike
0-1: Fly out, F2 (Popup, 3S)
Bottom of the 9th over - 0 run(s), 1 hit(s), 0 error(s), 1 left on base; Red Deer 16 - Bismarck 8
Tuesday, August 8th, 2017 - OOTP Baseball 17.12 Build 75